 Dungeon Crawl Stone Soup version 0.27.1-3-gb3d3a73c9e (webtiles) character file.

Game seed: 15471480709219057731

134088 ZARRMARR the Nimble (level 16, -3/141 HPs)
             Began as a Demigod Conjurer on Oct 22, 2021.
             Slain by a skeletal warrior (17 damage)
             ... led by a skeletal warrior
             ... on level 15 of the Dungeon on Oct 23, 2021.
             The game lasted 03:04:03 (41757 turns).

ZARRMARR the Nimble (Demigod Conjurer)             Turns: 41757, Time: 03:04:04

Health: -3/141     AC: 22    Str: 13    XL:     16   Next: 12%
Magic:  9/37       EV: 13    Int: 44    God:
Gold:   2186       SH:  0    Dex: 12    Spells: 23/38 levels left

rFire    + . .     SeeInvis .   L - +4 dire flail of the Evening {drain, rElec}
rCold    . . .     Faith    .   (shield currently unavailable)
rNeg     + + .     Spirit   .   m - +6 scale mail "Galurghinn" {rPois rN+ Str+2 Int+4}
rPois    +         Reflect  .   Q - +0 helmet
rElec    +         Harm     .   W - +0 cloak
rCorr    +         Rampage  .   Z - +1 pair of gloves {Str+3}
Will     +....                  j - +0 pair of boots
Stlth    ..........             H - amulet of regeneration
HPRegen  1.33/turn              f - ring "Luid" {rPois rF+ rN+}
MPRegen  0.25/turn              I - ring of resist corrosion

@: confused, ambrosia-drunk
A: high mp 1, forlorn
a: no special abilities


You were on level 15 of the Dungeon.
You visited 3 branches of the dungeon, and saw 23 of its levels.
You also visited: Ossuary.

You collected 3212 gold pieces.
You spent 1026 gold pieces at shops.

Inventory:

Hand Weapons
 z - a +2 demon trident of electrocution
 L - the +4 dire flail of the Evening (weapon) {drain, rElec}
   (You found it on level 6 of the Lair of Beasts)

   A truly terrible weapon, it drains the life of any living foe it strikes.
   rElec:     It insulates you from electricity.
Missiles
 i - a throwing net
 G - 20 javelins
 P - 42 boomerangs
Armour
 a - a +2 plate armour of willpower
 h - a +1 scale mail of cold resistance
 j - a +0 pair of boots (worn)
 m - the +6 scale mail "Galurghinn" (worn) {rPois rN+ Str+2 Int+4}
   (You found it on level 3 of the Lair of Beasts)

   Str:       It affects your strength (+2).
   Int:       It affects your intelligence (+4).
   rPois:     It protects you from poison.
   rN:        It protects you from negative energy.
 M - a +0 plate armour of cold resistance
 Q - a +0 helmet (worn)
 W - a +0 cloak (worn)
 Y - the +0 robe of the Prince of Darkness {rC++ MP-9}
   (You bought it in a shop on level 2 of the Orcish Mines)

   rC:        It greatly protects you from cold.
   MP:        It affects your magic capacity (-9).
 Z - a +1 pair of gloves of strength (worn)
Jewellery
 f - the ring "Luid" (left hand) {rPois rF+ rN+}
   (You acquired it on level 1 of the Dungeon)

   [ring of protection from fire]

   rF:        It protects you from fire.
   rPois:     It protects you from poison.
   rN:        It protects you from negative energy.
 A - a ring of ice
 D - a ring of fire
 H - an amulet of regeneration (around neck)
 I - a ring of resist corrosion (right hand)
 O - the ring "Isaggerph" {MP+9 Dex+4}
   (You found it on level 6 of the Lair of Beasts)

   [ring of magical power]

   Dex:       It affects your dexterity (+4).
   MP:        It affects your magic capacity (+9).
 R - a ring of protection from cold
Wands
 b - a wand of iceblast (1)
 v - a wand of digging (9)
 w - a wand of charming (4)
 x - a wand of polymorph (17)
 U - a wand of flame (16)
Scrolls
 d - a scroll of fog
 k - 5 scrolls of magic mapping
 o - 4 scrolls of amnesia
 q - 2 scrolls of torment
 s - 5 scrolls of immolation
 u - 3 scrolls of enchant weapon
 y - 3 scrolls of vulnerability
 F - 2 scrolls of enchant armour
 K - a scroll of brand weapon {unknown}
Potions
 c - 3 potions of cancellation
 e - 4 potions of flight
 g - 4 potions of curing
 n - 4 potions of brilliance
 r - 4 potions of resistance
 B - 5 potions of attraction
 C - 2 potions of mutation
 V - a potion of might
Miscellaneous
 t - a phantom mirror
 X - a phial of floods


   Skills:
 + Level 12.6 Fighting
 + Level 12.0 Armour
 + Level 12.7 Dodging
 - Level 1.7 Stealth
 + Level 11.9 Spellcasting
 - Level 6.7 Conjurations
 - Level 1.0 Hexes
 + Level 11.6 Necromancy


You had 23 spell levels left.
You knew the following spells:

 Your Spells              Type           Power      Damage    Failure   Level
a - Magic Dart            Conj           100%       1d8       1%          1
b - Searing Ray           Conj           100%       3d7       1%          2
d - Dispel Undead         Necr           91%        3d29      1%          4
e - Fulminant Prism       Conj/Hex       28%        3d14      7%          4
f - Iskenderun's Mystic   Conj/Tloc      54%        2d12      9%          4

Your spell library contained the following spells:

 Spells                   Type           Power      Damage    Failure   Level
 Foxfire                  Conj/Fire      100%       2x1d9     1%          1
 Corpse Rot               Necr/Air       N/A        N/A       1%          2
 Static Discharge         Conj/Air       54%        N/A       1%          2
 Corona                   Hex            38%        N/A       2%          1
 Conjure Flame            Conj/Fire      54%        6-21      2%          3
 Dazzling Flash           Conj/Hex       100%       N/A       2%          3
 Sting                    Tmut/Pois      100%       1d8       3%          1
 Ensorcelled Hibernation  Hex/Ice        60%        N/A       4%          2
 Mephitic Cloud           Conj/Pois/Air  46%        N/A       4%          3
 Death Channel            Necr           45%        N/A       4%          6
 Poisonous Vapours        Pois/Air       52%        N/A       5%          2
 Tukima's Dance           Hex            35%        N/A       7%          3
 Sticky Flame             Conj/Fire      54%        2d7       9%          4
 Ignite Poison            Fire/Tmut/Pois 26%        N/A       11%         3
 Animate Armour           Summ/Erth      52%        N/A       34%         4
 Olgreb's Toxic Radiance  Pois           26%        N/A       34%         4
 Passage of Golubria      Tloc           N/A        N/A       34%         4
 Bolt of Magma            Conj/Fire/Erth 23%        4d11      36%         5
 Freezing Cloud           Conj/Ice/Air   23%        6-21      36%         5
 Yara's Violent Unravell  Hex/Tmut       15%        3d8       61%         5
 Blade Hands              Tmut           13%        N/A       69%         5
 Iron Shot                Conj/Erth      27%        9d6       80%         6
 Statue Form              Tmut/Erth      17%        N/A       99%         6
 Malign Gateway           Summ/Tloc      13%        N/A       100%        7
 Summon Horrible Things   Summ           13%        N/A       100%        8


Dungeon Overview and Level Annotations

Branches:
Dungeon (15/15)            Temple (0/1) D:7            Lair (6/6) D:10
  Swamp (0/4) Lair:3        Snake (0/4) Lair:4        Slime (0/5) Lair:6
    Orc (2/2) D:11            Elf (0/3) Orc:2        Vaults (0/5) D:13
Ossuary (visited)
 Depths: D:15

Shops:
D:9 [   Orc:1 !   Orc:2 *?*!!(

Annotations:
D:4 1 exclusion
Lair:2 exclusion: downstairs


Innate Abilities, Weirdness & Mutations

Your attributes grow dramatically as you level up.
You have an increased reservoir of magic. (+10% MP)
You shall have no god before yourself.


Message History

Aiming: Corrosive Bolt
Press: ? - help, Shift-Dir - straight line The bolt of acid hits the skeletal warrior.
The skeletal warrior is splashed with acid.
The skeletal warrior seems to be corroded for longer.
The skeletal warrior is almost destroyed.
The skeletal warrior misses you.
The skeletal warrior completely misses you.
The skeletal warrior hits you but does no damage.
Unknown command.
Aiming: Corrosive Bolt
Press: ? - help, Shift-Dir - straight line The bolt of acid hits the skeletal warrior.
The skeletal warrior is splashed with acid.
You destroy the skeletal warrior!
The skeletal warrior hits you from afar with a +0 glaive!
The skeletal warrior closely misses you.
Aiming: Corrosive Bolt
Press: ? - help, Shift-Dir - straight line, f - skeletal warrior
Aim: a skeletal warrior, wielding a +0 war axe (heavily damaged, covered in acid, 71% to hit)
The bolt of acid misses the skeletal warrior.
The skeletal warrior closely misses you.
The skeletal warrior hits you with a +0 war axe!
* * * LOW HITPOINT WARNING * * *
Aiming: Corrosive Bolt
Press: ? - help, Shift-Dir - straight line, f/p - skeletal warrior
Aim: a skeletal warrior, wielding a +0 war axe (heavily damaged, covered in acid, 71% to hit)
The bolt of acid hits the skeletal warrior!
The skeletal warrior is splashed with acid!
The skeletal warrior is severely damaged.
The now-empty wand crumbles to dust.
The skeletal warrior hits you from afar with a +0 glaive!!
* * * LOW HITPOINT WARNING * * *
The skeletal warrior hits you with a +0 war axe!
* * * LOW HITPOINT WARNING * * *
Unknown command.
You are confused.
You feel invigorated.
The skeletal warrior hits you from afar with a +0 glaive!
You die...

#...........................
#........................P.P
.........................♣♣♣
.................♣P.....(P♣♣
#.................P........♣
#........(###.............♣.
#........)# #..##.........P♣
#...#.....###..##........♣♣♣
#####.....#@.z.##.........♣♣
#######)z##.#..........P
#.)##..............
##.................
#.................
#####............#
##.........### ##.......####
###.#...# #.


You could see 2 skeletal warriors.

Vanquished Creatures
  Kirke (Lair:4)
  2 minotaurs (D:11)
  The ghost of BraveToast the Basher, a journeyman FoFi of Qazlal (D:12)
  Josephine (Orc:1)
  The ghost of Xyudeake the Devastator, a journeyman DEFE of Vehumet (Lair:4)
  A fire dragon (D:13)
  17 hydras
  A vault guard (D:13)
  Erolcha (D:13)
  6 ogre magi
  6 boulder beetles
  2 centaur warriors
  29 two-headed ogres
  4 tengu warriors (D:13)
  4 death yaks (D:11)
  2 skeletal warriors (D:15)
  A goliath frog (Lair:6)
  A wizard (D:13)
  5 harpies (D:13)
  An orc knight (Orc:2)
  A cyclops (shapeshifter) (D:13)
  A deep elf pyromancer (D:15)
  9 oklob plants
  5 ugly things
  3 cyclopes
  6 manticores
  5 black mambas
  28 elephants
  26 cane toads
  Maggie (D:7)
  A torpor snail (Lair:5)
  12 yaktaurs
  2 kobold demonologists (D:13)
  12 komodo dragons
  8 rime drakes
  A tengu conjurer (D:13)
  A jumping spider (shapeshifter) (D:13)
  A meliai (D:13)
  4 tyrant leeches
  7 trolls
  24 blink frogs
  2 slime creatures
  A hornet (D:8)
  5 dream sheep (Lair:5)
  3 shadows
  4 wyverns
  65 yaks
  A human (shapeshifter) (D:13)
  6 wraiths
  7 hogs (Lair:4)
  5 basilisks
  9 vampire mosquitoes
  Grum (D:9)
  2 steam dragons
  Menkaure (D:6)
  A death yak simulacrum (Lair:4)
  A catoblepas simulacrum (Lair:4)
  2 nagas (Lair:4)
  3 wargs
  2 swamp worms
  2 acid dragons
  18 water moccasins
  Duvessa (D:6)
  A hornet zombie (D:6)
  3 black bears
  3 ice beasts
  15 orc warriors
  A sky beast (D:5)
  A necrophage (D:5)
  24 wolves
  2 black mamba simulacra (Lair:4)
  6 centaurs
  34 ogres
  A phantom (D:7)
  3 elf zombies (Ossuary)
  4 kobold brigands
  16 bullfrogs
  A gnoll sergeant (D:9)
  A scorpion (Lair:4)
  Dowan (D:6)
  A wyvern skeleton (D:6)
  2 lindwurm simulacra (Lair:4)
  14 killer bees
  8 wights
  An elephant simulacrum (Lair:4)
  3 howler monkeys (D:11)
  2 electric eels
  A bullfrog zombie (D:5)
  A bullfrog skeleton (D:6)
  4 hounds
  12 orc priests
  14 centaur zombies
  2 gnoll shamans
  3 human zombies (Ossuary)
  2 centaur skeletons
  21 orc wizards
  An iguana (D:5)
  A basilisk simulacrum (Lair:4)
  4 mummies
  3 howler monkey zombies
  19 gnolls
  6 adders
  A white imp (D:7)
  An ufetubus (D:5)
  2 adder skeletons (D:4)
  2 worms
  3 dart slugs
  57 orcs
  7 bats
  3 endoplasms
  4 giant cockroaches
  12 goblins
  7 hobgoblins
  6 jackals
  5 quokkas
  4 ball pythons
  4 frilled lizards
  18 kobolds
  4 rats
769 creatures vanquished.

Vanquished Creatures (others)
  A fire giant (D:15)
  A wolf (Lair:4)
  An orc (Orc:2)
  3 bushes (D:15)
  39 fulminant prisms
  74 fungi
  143 plants
262 creatures vanquished.

Grand Total: 1031 creatures vanquished

Notes
Turn   | Place    | Note
-------+----------+-------------------------------------------
     0 | D:1      | ZARRMARR the Demigod Conjurer began the quest for the Orb.
     0 | D:1      | Reached XP level 1. HP: 14/14 MP: 5/5
   239 | D:1      | Reached XP level 2. HP: 22/22 MP: 5/7
   726 | D:1      | Identified a scroll of acquirement
   726 | D:1      | Acquired the ring "Luid" {rPois rF+ rN+}
   766 | D:2      | Reached skill level 1 in Fighting
   958 | D:2      | Reached XP level 3. HP: 28/28 MP: 6/8
  1091 | D:2      | Learned a level 2 spell: Searing Ray
  1781 | D:2      | Reached XP level 4. HP: 35/35 MP: 8/10
  2445 | D:3      | Noticed a kobold brigand
  2464 | D:3      | HP: 1/35 [kobold brigand (4)]
  2895 | D:3      | Killed a kobold brigand
  2896 | D:3      | Reached XP level 5. HP: 2/41 MP: 1/12
  3236 | D:3      | You fall into a shaft and drop 2 floors!
  3236 | D:5      | Entered Level 5 of the Dungeon
  3292 | D:5      | Noticed a necrophage
  3297 | D:5      | Killed a necrophage
  3407 | D:4      | Reached XP level 6. HP: 50/50 MP: 9/13
  3720 | D:4      | Found a sand-covered staircase.
  3776 | Ossuary  | Entered an ossuary
  3793 | Ossuary  | Reached skill level 5 in Conjurations
  3903 | Ossuary  | Reached XP level 7. HP: 56/57 MP: 8/15
  6499 | D:5      | Reached XP level 8. HP: 66/66 MP: 9/18
  6596 | D:5      | Reached skill level 1 in Armour
  7069 | D:6      | Reached skill level 5 in Dodging
  7115 | D:6      | Noticed Duvessa
  7121 | D:6      | Killed Duvessa
  7122 | D:6      | Noticed Dowan
  7146 | D:6      | Killed Dowan
  7433 | D:6      | Reached skill level 5 in Fighting
  7433 | D:6      | Reached skill level 5 in Spellcasting
  7715 | D:6      | Noticed Menkaure
  7718 | D:6      | Killed Menkaure
  7960 | D:6      | Reached XP level 9. HP: 35/74 MP: 8/20
  7965 | D:6      | Learned a level 4 spell: Dispel Undead
  8726 | D:7      | Found a staircase to the Ecumenical Temple.
  8786 | D:7      | Noticed Maggie
  8794 | D:7      | Killed Maggie
  8795 | D:7      | Reached skill level 1 in Necromancy
  9171 | D:7      | Noticed a two-headed ogre
  9180 | D:7      | Killed a two-headed ogre
 10717 | D:8      | Reached XP level 10. HP: 74/83 MP: 18/23
 11232 | D:8      | Acquired the Tome of Old and Reckless
 11905 | D:8      | Reached skill level 5 in Armour
 11981 | D:9      | Noticed a two-headed ogre
 12206 | D:9      | Noticed a boulder beetle
 12327 | D:9      | Noticed Grum
 12346 | D:9      | Killed Grum
 12879 | D:9      | Noticed a two-headed ogre
 12913 | D:9      | Noticed a five-headed hydra
 13186 | D:10     | Entered Level 10 of the Dungeon
 13777 | D:10     | Reached XP level 11. HP: 83/92 MP: 19/25
 13825 | D:10     | Found a staircase to the Lair.
 13875 | D:10     | Noticed a two-headed ogre
 13882 | D:10     | Killed a two-headed ogre
 13883 | D:10     | Reached skill level 5 in Necromancy
 14310 | Lair:1   | Entered Level 1 of the Lair of Beasts
 14429 | Lair:1   | Noticed a six-headed hydra
 14437 | Lair:1   | Killed a six-headed hydra
 14474 | Lair:1   | Identified the +1 robe "Umanwyupt" {rC+}
 14797 | Lair:1   | Noticed a seven-headed hydra
 14816 | Lair:1   | Killed a seven-headed hydra
 14929 | Lair:1   | Noticed a seven-headed hydra
 14998 | Lair:1   | Killed a seven-headed hydra
 15641 | Lair:1   | Learned a level 4 spell: Fulminant Prism
 16424 | Lair:1   | Reached skill level 1 in Hexes
 16754 | Lair:2   | Noticed a four-headed hydra
 16766 | Lair:2   | Killed a four-headed hydra
 16850 | Lair:1   | Reached XP level 12. HP: 79/103 MP: 20/28
 16923 | Lair:2   | Noticed a four-headed hydra
 16950 | Lair:1   | Killed a four-headed hydra
 17825 | Lair:2   | Noticed a five-headed hydra
 18695 | Lair:2   | Killed a five-headed hydra
 19640 | Lair:3   | Noticed a five-headed hydra
 20388 | D:9      | Noticed a centaur warrior
 20405 | D:9      | HP: 3/104 [centaur warrior (17)]
 20406 | D:9      | Killed a centaur warrior
 20610 | D:9      | Killed a five-headed hydra
 20717 | D:9      | Reached XP level 13. HP: 111/111 MP: 13/30
 21346 | Lair:3   | Reached skill level 10 in Dodging
 21424 | Lair:3   | Identified the +6 scale mail "Galurghinn" {rPois rN+ Str+2
                  | Int+4}
 21743 | Lair:3   | Found a staircase to the Swamp.
 22589 | Lair:4   | Reached skill level 10 in Fighting
 22950 | Lair:4   | Found a staircase to the Snake Pit.
 23447 | Lair:4   | Found a runed translucent gate.
 23447 | Lair:4   | Found a runed translucent gate.
 23447 | Lair:4   | Found a runed translucent gate.
 23530 | Lair:4   | Noticed Xyudeake's ghost (journeyman DEFE)
 23803 | Lair:4   | Noticed Kirke
 23840 | Lair:4   | Killed Kirke
 24145 | Lair:4   | Killed Xyudeake's ghost
 25373 | Lair:5   | Reached skill level 10 in Spellcasting
 25833 | Lair:6   | Entered Level 6 of the Lair of Beasts
 26072 | Lair:6   | Reached XP level 14. HP: 104/122 MP: 15/32
 26907 | Lair:6   | Reached skill level 10 in Armour
 27175 | Lair:6   | Identified the +4 dire flail of the Evening {drain, rElec}
 27187 | Lair:6   | Identified the ring "Isaggerph" {MP+9 Dex+4}
 29603 | D:11     | Reached skill level 10 in Necromancy
 29672 | D:11     | Found a staircase to the Orcish Mines.
 31200 | D:11     | Identified the +3 war axe of Obsession {vorpal, Str-4
                  | Dex+5}
 32292 | D:12     | Found a large runed translucent door.
 32293 | D:12     | Found a large runed translucent door.
 32295 | D:12     | Noticed BraveToast's ghost (journeyman FoFi)
 32538 | D:12     | Paralysed by an ogre mage for 4 turns
 33264 | D:12     | Killed BraveToast's ghost
 33265 | D:12     | Reached XP level 15. HP: 130/130 MP: 25/34
 34254 | D:9      | Found Vudd's Antique Armour Shop.
 35344 | Lair:6   | Found a staircase to the Slime Pits.
 35731 | Orc:1    | Entered Level 1 of the Orcish Mines
 35731 | Orc:1    | Noticed Josephine
 35746 | Orc:1    | Killed Josephine
 35941 | Orc:1    | Found Imubb's Distillery.
 36232 | Orc:1    | Found a runed translucent door.
 36672 | Orc:2    | Entered Level 2 of the Orcish Mines
 36721 | Orc:1    | Learned a level 4 spell: Iskenderun's Mystic Blast
 36980 | Orc:2    | Found Lipudghu's Luxury Loot.
 37093 | Orc:2    | Found a staircase to the Elven Halls.
 37749 | Orc:2    | Found Zelyn's Magic Scroll Emporium.
 37752 | Orc:2    | Bought a scroll of acquirement for 884 gold pieces
 38291 | Orc:2    | Found Per Xeanou's Distillery.
 38291 | Orc:2    | Found Qiskef's Weapon Emporium.
 38291 | Orc:2    | Found Over's Assorted Antiques.
 38291 | Orc:2    | Found Agreucwu's Distillery.
 38850 | Orc:2    | Bought a shimmering robe for 142 gold pieces
 38850 | Orc:2    | Identified the +0 robe of the Prince of Darkness {rC++
                  | MP-9} (You bought it in a shop on level 2 of the Orcish
                  | Mines)
 38850 | Orc:2    | Acquired 819 gold pieces
 40152 | D:13     | You fall into a shaft and drop 1 floor!
 40162 | D:13     | Noticed Erolcha
 40168 | D:13     | Killed Erolcha
 40502 | D:13     | Found a gate to the Vaults.
 40909 | D:15     | Entered Level 15 of the Dungeon
 41411 | D:15     | Reached XP level 16. HP: 101/141 MP: 14/36
 41757 | D:15     | Slain by a skeletal warrior

Illustrated notes

Levels and vault maps discovered:
D:1:      saegor_arrival_simple_d, layout_basic,
          chequers_ecumenical_altar_simple_redux, minmay_heptomino_l4
D:2:      layout_basic, basic_altar
D:3:      cheibrodos_thug_alley, layout_basic, minivault_27,
          supply_closet_lemuel, cheibrodos_gnoll_hut
D:4:      layout_layer_cave, gup_ossuary_entry_pyramid
D:5:      layout_loops_ring
D:6:      layout_gridville, elyvilon_altar_5, uniq_duvessa, uniq_menkaure
D:7:      layout_layer_cave, riverfiend_overflow_shadow_ancestor,
          minmay_temple_entry_large_hall, uniq_maggie
D:8:      layout_loops_cross, serial_glass, glass_columns_a, glass_columns_a
D:9:      minmay_the_grid_net [minmay_the_grid_minigrid_small,
          minmay_the_grid_medium_cups, minmay_the_grid_aliased_spiral,
          minmay_the_grid_x, minmay_the_grid_broken_lines,
          minmay_the_grid_prize_big_room], layout_stronghold,
          chequers_temple_overflow_statue_of_worship, serial_shops, shop,
          uniq_grum
D:10:     layout_grid_maze, dpeg_oklobed_lair
D:11:     fort_yaktaur, layout_irregular_city, orc_0_dummy, cheibriados_altar_1
D:12:     layout_loops_ring, ebering_ghost_disaster_area
D:13:     layout_gridville, david_vaults_5, hangedman_aviary, uniq_erolcha
D:14:     layout_rooms, library_closet, nicolae_ru_the_path_less_chosen
D:15:     grunt_enter_depths_giant_problem, layout_cave_pools, serial_park,
          serial_park_tiny_1, serial_park_square1 [serial_park_minivault_5x5_8]
Lair:1:   layout_cave_pods, st_stairs_3, serial_bayou_shore_b,
          minmay_lair_oklob_chamber, grunt_megastairs_5
Lair:2:   layout_hall_layers, grunt_megastairs_3
Lair:3:   layout_chaotic_city, palyth_hydra_swamp_entry
Lair:4:   layout_loops_ring, guppyfry_snake_entry_garden, gammafunk_ghost_icy,
          uniq_kirke
Lair:5:   layout_small_grid
Lair:6:   minmay_lair_end_frog_pond, layout_cave_pods,
          minmay_slime_entry_oklob_enclosed, infiniplex_staircase_pool
Orc:1:    layout_caves, serial_shops, shop, lightli_church_of_beogh,
          uniq_josephine
Orc:2:    st_orc_ogre_mass, layout_caves, serial_shops,
          nicolae_shop_behind_doors, nicolae_alphabet_shops

Skill      XL: |  1  2  3  4  5  6  7  8  9 10 11 12 13 14 15 16 |
---------------+-------------------------------------------------+-----
Dodging        | 2 3 4 5 6 7 8 9 10 11 12 | 12.7
Spellcasting   | 2 3 4 5 6 7 8 9 10 11 | 11.9
Fighting       | 1 2 3 4 5 6 7 8 9 10 11 12 | 12.6
Conjurations   | 4 5 6 |  6.7
Armour         | 3 4 5 7 8 9 10 11 12 | 12.0
Necromancy     | 3 4 6 7 9 10 11 | 11.6
Hexes          | 1 |  1.0
Stealth        | |  1.7

Action                   |  1- 3 |  4- 6 |  7- 9 | 10-12 | 13-15 | 16-18 || total
-------------------------+-------+-------+-------+-------+-------+-------++-------
Melee: Unarmed           |     9 |       |       |       |       |       ||     9
       Dagger            |     8 |     5 |       |       |       |       ||    13
       Rapier            |    11 |       |       |       |       |       ||    11
       Morningstar       |       |    16 |    11 |       |       |       ||    27
       Demon trident     |       |       |     7 |   103 |   100 |       ||   210
       Dire flail        |       |       |       |       |   108 |     1 ||   109
 Cast: Magic Dart        |    68 |    38 |   100 |   130 |   346 |     8 ||   690
       Searing Ray       |     6 |    30 |    76 |   211 |   520 |    17 ||   860
       Fulminant Prism   |       |       |       |    22 |    17 |       ||    39
       Dispel Undead     |       |       |       |       |    18 |       ||    18
       Iskenderun's Myst |       |       |       |       |    46 |     6 ||    52
Evoke: Wand              |       |       |     7 |    31 |    82 |     6 ||   126
       Phantom mirror    |       |       |       |       |     2 |       ||     2
  Use: Scroll            |     1 |     3 |     9 |    20 |    21 |     1 ||    55
       Potion            |       |       |     3 |     3 |    11 |     4 ||    21
Armor: Robe              |     7 |     9 |     7 |       |       |       ||    23
       Scale mail        |       |       |    27 |   228 |   544 |     9 ||   808
Dodge: Dodged            |    22 |    22 |    43 |   235 |   664 |    17 ||  1003
